 Dungeon Crawl Stone Soup version 0.23.1-37-gaa34b87 (webtiles) character file.

Game seed: 16448199267167292445

1123 DarkinPup the Ducker (level 8, -14/61 HPs)
             Began as a Demonspawn Gladiator on Mar 27, 2019.
             Was an Initiate of Trog.
             Demolished by an orc warrior
             ... wielding a +0 glaive
              (19 damage)
             ... on level 6 of the Dungeon.
             The game lasted 00:11:16 (4481 turns).

DarkinPup the Ducker (Demonspawn Gladiator)         Turns: 4481, Time: 00:11:17

Health: -14/61     AC:  8    Str: 21    XL:     8   Next: 13%
Magic:  8/8        EV: 15    Int: 10    God:    Trog [......]
Gold:   24         SH:  0    Dex: 18    Spells: 7/7 levels left

rFire    . . .     SeeInvis .     - Unarmed
rCold    + + .     Gourm    .   (no shield)
rNeg     . . .     Faith    .   t - +2 leather armour {rC+}
rPois    .         Spirit   .   p - +2 hat
rElec    .         Reflect  .   (no cloak)
rCorr    .         Harm     .   (no gloves)
MR       .....                  i - +0 pair of boots
Stlth    +.........             (no amulet)
HPRegen  0.20/turn              g - +5 ring of strength
MPRegen  0.11/turn              s - +3 ring of dexterity

@: no status effects
A: claws 1, horns 1, talons 2, cold resistance 1, demonic guardian 1
a: Renounce Religion


You were on level 6 of the Dungeon.
You worshipped Trog.
Trog was noncommittal.
You were very hungry.

You visited 2 branches of the dungeon, and saw 8 of its levels.

You collected 193 gold pieces.
You spent 169 gold pieces at shops.

Inventory:

Hand Weapons
 a - a +0 long sword
Armour
 i - a +0 pair of boots (worn)
 p - a +2 hat (worn)
 t - a +2 leather armour of cold resistance (worn)
Jewellery
 b - an uncursed ring of protection from magic
 g - a +5 ring of strength (left claw)
 s - a +3 ring of dexterity (right claw)
Wands
 c - a wand of enslavement (12)
Scrolls
 j - 5 scrolls of remove curse
 k - a scroll of teleportation {unknown}
 l - a scroll of enchant armour {unknown}
 n - a scroll of fog {unknown}
 o - 2 scrolls of identify {unknown}
 q - 2 scrolls of noise {unknown}
 v - a scroll of acquirement {unknown}
Potions
 d - a potion of invisibility {unknown}
 e - 6 potions of curing
 h - a potion of magic {unknown}
 m - 2 potions of haste
 r - a potion of lignification {unknown}
 u - 2 potions of heal wounds
Comestibles
 f - 7 rations


   Skills:
 + Level 4.8 Fighting
 - Level 4.0 Long Blades
 - Level 1.7 Throwing
 + Level 3.7 Armour
 + Level 4.8 Dodging
 * Level 4.0 Unarmed Combat


You had 7 spell levels left.
You didn't know any spells.
Your spell library was empty.

Dungeon Overview and Level Annotations

Branches:
Dungeon (7/15)             Temple (1/1) D:5

Altars:
Ashenzari
Cheibriados
Dithmenos
Elyvilon
Gozag
Hepliaklqana
Kikubaaqudgha
Makhleb
Ru
Sif Muna
Trog
Uskayaw
Vehumet
Wu Jian
Xom
Yredelemnul
Zin

Shops:
D:5 !


Innate Abilities, Weirdness & Mutations

You have sharp fingernails.
You have a pair of small horns on your head.
You have razor-sharp toenails.
Your flesh is cold resistant. (rC+)
A weak demonic guardian rushes to your aid.


Message History

Trog accepts your kill.
Your orc warrior barely misses the crimson imp.
The crimson imp hits your orc warrior but does no damage.
Items here: $ ( ) [[ † The crimson imp hits your orc warrior but does no damage.
Your orc warrior hits the crimson imp with a +0 glaive!
The crimson imp dies!
Trog accepts your kill.
e - 6 potions of curing (gained 1)
d - a murky white potion The orc warrior is no longer charmed.
The orc warrior closely misses you.
The orc warrior hits you from afar with a +0 glaive!
* * * LOW HITPOINT WARNING * * *
Your iron imp hits the orc warrior but does no damage.
Your ufetubus closely misses the orc warrior.
Your ufetubus hits the orc warrior.
Your ufetubus barely misses the orc warrior. x2
Your ufetubus hits the orc warrior but does no damage. x2
The orc warrior hits you from afar with a +0 glaive!!
You die...

##
#.#....#.####
.# #.#..#.#.#
#........#
#.....(.##
#.....5.#
#....[..#
#.....5o#
#.......#
#.....[@#
#########


You could see an orc warrior, a friendly iron imp and a friendly ufetubus.

Vanquished Creatures
  2 sky beasts
  An ogre (D:4)
  A centaur (D:5)
  A wyvern zombie (D:6)
  A bullfrog skeleton (D:5)
  An iguana (D:4)
  An orc wizard (D:5)
  2 worker ants
  A hound skeleton (D:4)
  4 gnolls (D:5)
  2 adders (D:2)
  A shadow imp (D:5)
  An ooze (D:1)
  2 worms
  3 dart slugs (D:1)
  3 leopard geckos
  10 orcs
  A ball python (D:4)
  7 giant cockroaches
  12 hobgoblins
  9 jackals
  3 quokkas
  8 bats
  2 frilled lizards
  3 goblins
  6 kobolds
  9 rats
97 creatures vanquished.

Vanquished Creatures (collateral kills)
  3 ogres
  A sky beast (D:6)
  A centaur (D:5)
  A big kobold (D:6)
  A scorpion (D:4)
  A crimson imp (D:6)
  An orc priest (D:3)
  2 centaur skeletons
  A worker ant (D:5)
  3 orcs
  4 jackals
  4 kobolds (D:6)
  A quokka (D:6)
24 creatures vanquished.

Vanquished Creatures (others)
  A human (D:4)
  A kobold (D:6)
2 creatures vanquished.

Grand Total: 123 creatures vanquished

Notes
Turn   | Place    | Note
-------+----------+-------------------------------------------
     0 | D:1      | DarkinPup the Demonspawn Gladiator began the quest for the
                  | Orb.
     0 | D:1      | Reached XP level 1. HP: 16/16 MP: 1/1
    27 | D:1      | Gained mutation: Your flesh is cold resistant. (rC+)
                  | [demonic ancestry]
    27 | D:1      | Reached XP level 2. HP: 18/22 MP: 2/2
   492 | D:1      | Gained mutation: A weak demonic guardian rushes to your
                  | aid. [demonic ancestry]
   492 | D:1      | Reached XP level 3. HP: 22/28 MP: 3/3
   544 | D:1      | Reached skill level 1 in Armour
   671 | D:2      | Found an ornate altar of the Wu Jian Council.
   671 | D:2      | Found a shimmering altar of Xom.
   897 | D:2      | Found a deep blue altar of Sif Muna.
   925 | D:2      | Gained mutation: You have sharp toenails. [demonic
                  | ancestry]
   925 | D:2      | Reached XP level 4. HP: 34/34 MP: 4/4
  2235 | D:3      | Gained mutation: You have sharp fingernails. [demonic
                  | ancestry]
  2235 | D:3      | Reached XP level 5. HP: 32/40 MP: 5/5
  2441 | D:4      | Noticed a sky beast
  2456 | D:4      | Killed a sky beast
  2456 | D:4      | Reached skill level 1 in Unarmed Combat
  2464 | D:4      | Found an ancient bone altar of Kikubaaqudgha.
  2465 | D:4      | Noticed a human
  2466 | D:4      | Killed a human
  2505 | D:4      | Reached XP level 6. HP: 22/47 MP: 6/6
  3218 | D:5      | Entered Level 5 of the Dungeon
  3236 | D:5      | Found Suonuare's Distillery.
  3245 | D:5      | Bought 2 potions of heal wounds for 130 gold pieces
  3245 | D:5      | Bought a potion of curing for 39 gold pieces
  3524 | D:5      | Gained mutation: You have razor-sharp toenails. [demonic
                  | ancestry]
  3524 | D:5      | Reached XP level 7. HP: 41/53 MP: 7/7
  3618 | D:5      | Found a staircase to the Ecumenical Temple.
  3627 | Temple   | Entered the Ecumenical Temple
  3681 | Temple   | Became a worshipper of Trog the Wrathful
  4342 | D:6      | Gained mutation: You have a pair of small horns on your
                  | head. [demonic ancestry]
  4342 | D:6      | Reached XP level 8. HP: 21/61 MP: 8/8
  4475 | D:6      | HP: 3/61 [orc warrior/+0 glaive (10)]
  4481 | D:6      | Demolished by an orc warrior

Skill      XL: |  1  2  3  4  5  6  7  8 |
---------------+-------------------------+-----
Long Blades    | 3 4 |  4.0
Armour         | 1 2 3 |  3.7
Dodging        | 3 4 |  4.8
Fighting       | 3 4 |  4.8
Unarmed Combat | 1 2 3 4 |  4.0
Throwing       | |  1.7

Action                   |  1- 3 |  4- 6 |  7- 9 || total
-------------------------+-------+-------+-------++-------
Melee: Long sword        |   101 |   167 |    68 ||   336
       Punch             |       |     1 |     1 ||     2
       Headbutt          |       |       |     3 ||     3
       Unarmed           |       |       |     2 ||     2
Throw: Throwing net      |       |       |     5 ||     5
Evoke: Wand              |       |       |     3 ||     3
  Use: Scroll            |       |     1 |       ||     1
 Stab: Sleeping          |     1 |     1 |       ||     2
       Distracted        |       |     1 |     1 ||     2
       Held in net/web   |       |       |     1 ||     1
  Eat: Chunk             |       |     9 |     2 ||    11
Armor: Leather armour    |    20 |    16 |    22 ||    58
       Ring mail         |    22 |    47 |       ||    69
Dodge: Dodged            |    96 |   103 |    73 ||   272
       Rpst.: Long sword |    30 |    39 |    14 ||    83
